 Dungeon Crawl Stone Soup version 0.31.0-1-g2c135a0 (webtiles) character file.

Game seed: 571641857991492307

9 Elias the Ducker (level 1, -1/17 HPs)
             Began as a Demigod Gladiator on Feb 29, 2024.
             Slain by a kobold
             ... wielding a +0 dagger
              (3 damage)
             ... on level 3 of the Dungeon.
             The game lasted 00:04:43 (377 turns).

Elias the Ducker (Demigod Gladiator)                 Turns: 377, Time: 00:04:44

Health: -1/17      AC:  4    Str: 15    XL:     1   Next: 93%
Magic:  3/3        EV: 12    Int: 10    God:
Gold:   47         SH:  0    Dex: 15    Spells: 0/0 levels left

rFire   . . .        a - +0 flail
rCold   . . .        (no shield)
rNeg    . . .        b - +0 leather armour
rPois   .            c - +0 helmet
rElec   .            (no cloak)
rCorr   .            (no gloves)
SInv    .            (no boots)
Will    .....        (no amulet)
Stlth   +            (no ring)
HPRegen 0.22/turn    (no ring)
MPRegen 0.08/turn

%: no passive effects
@: no status effects
A: high MP 1, forlorn, divine attributes
a: no special abilities


You were on level 3 of the Dungeon.
You visited 1 branch of the dungeon, and saw 3 of its levels.

You collected 47 gold pieces.

Inventory:

Hand Weapons
 a - a +0 flail (weapon)
 g - a +0 dagger
 h - a +0 quarterstaff
 i - a +0 whip
Missiles
 d - 3 throwing nets (quivered)
 e - a javelin
Armour
 b - a +0 leather armour (worn)
 c - a +0 helmet (worn)
Scrolls
 j - a scroll of brand weapon {unknown}
Potions
 f - a potion of degeneration {unknown}


   Skills:
 + Level 2.0 Fighting
 + Level 2.8 Maces & Flails
 + Level 1.7 Throwing
 + Level 3.0 Dodging


You couldn't memorise any spells.
You didn't know any spells.
Your spell library was empty.

Dungeon Overview and Level Annotations

Branches:
Dungeon (3/15)

Shops:
D:3 !


Innate Abilities, Weirdness & Mutations

You have an increased reservoir of magic. (+10% MP)
You shall have no god before yourself.
Your divine heritage dramatically boosts your attributes as you level up.


Message History

You hit the giant cockroach but do no damage.
The giant cockroach is severely wounded.
The kobold closely misses you. The giant cockroach closely misses you.
You sock the giant cockroach!
You kill the giant cockroach!
The kobold hits you but does no damage. The kobold closely misses you.
Found 14 gold pieces.
Things that are here:
a ball python corpse; a frilled lizard corpse; a rat corpse
Found 22 gold pieces.
There is a stone staircase leading down here.
You climb downwards.
Found a long brass wand and a plate armour.
Found Wisuel's Distillery.
There is a stone staircase leading up here.
The kobold hits you with a +0 dagger. The kobold attacks as it pursues you!
The kobold hits you with a +0 dagger.
* * * LOW HITPOINT WARNING * * *
There is a fountain of clear blue water here.
You closely miss the kobold. The kobold hits you with a +0 dagger.
* * * LOW HITPOINT WARNING * * *
The kobold hits you with a +0 dagger.
* * * LOW HITPOINT WARNING * * *
You hit the kobold but do no damage. The kobold hits you with a +0 dagger.
* * * LOW HITPOINT WARNING * * *
You hit the kobold.
The kobold is moderately wounded.
The kobold barely misses you.
You barely miss the kobold.
The kobold is moderately wounded.
The adder bites you but does no damage. The kobold barely misses you.
The adder barely misses you.
You barely miss the kobold.
The kobold is moderately wounded.
The adder closely misses you. The kobold closely misses you.
The adder bites you but does no damage.
You barely miss the kobold.
The kobold is moderately wounded.
The kobold hits you with a +0 dagger.
You die...

...... .......
#..... #....# .
#./.+ #.##
#...###
....##....@#
#...##..SK#+#..
#.............
#.#.....#.##..
#..<∩.......
##......#.#.#
..........#...
.......#........
..##............


You could see an adder and a kobold.

Vanquished Creatures
  A giant cockroach (D:2)
  A goblin (D:1)
  A kobold (D:1)
  2 ball pythons
  2 frilled lizards
  3 rats
10 creatures vanquished.

Notes
Turn   | Place    | Note
-------+----------+-------------------------------------------
     0 | D:1      | Elias the Demigod Gladiator began the quest for the Orb.
     0 | D:1      | Reached XP level 1. HP: 17/17 MP: 3/3
   356 | D:2      | Reached skill level 3 in Dodging
   367 | D:3      | Found Wisuel's Distillery.
   377 | D:3      | Slain by a kobold

Illustrated notes

Levels and vault maps discovered:
D:1:      evilmike_arrival_plus, layout_basic, nrook_uturn, nrook_campfire
D:2:      layout_basic, minmay_pentomino_t4
D:3:      layout_rooms, serial_shops, nicolae_shop_getting_attention, shop,
          nicolae_shop_industrial_runoff, nicolae_shop_hallway_stairs,
          nicolae_shop_real_fake_doors, serial_bayou_pond_b

Skill      XL: |  1 |
---------------+----+-----
Fighting       | 2 |  2.0
Dodging        | 3 |  3.0
Maces & Flails | |  2.8
Throwing       | |  1.7

Action                     || total
---------------------------++-------
  Melee: Flail             ||    43
   Stab: Sleeping          ||     1
 Armour: Leather armour    ||    42
  Dodge: Dodged            ||    45
